 Dungeon Crawl Stone Soup version 0.28.0-47-ge53b351184 (webtiles) character file.

Game seed: 3248869822376692181

169617 nickcage the Swashbuckler (level 17, -9/85 HPs)
             Began as a Spriggan Enchanter on Apr 14, 2022.
             Was the Champion of Dithmenos.
             Killed from afar by a shock serpent (22 damage)
             ... with a bolt of electricity
             ... on level 2 of the Snake Pit on Apr 28, 2022.
             The game lasted 02:32:06 (36319 turns).

nickcage the Swashbuckler (Spriggan Enchanter)     Turns: 36319, Time: 02:32:07

Health: -9/85      AC: 24    Str:  6    XL:     17   Next: 35%
Magic:  34/35      EV: 21    Int: 22    God:    Dithmenos [******]
Gold:   1293       SH:  9    Dex: 18    Spells: 29/42 levels left

rFire   . . .      SeeInvis +   s - +9 quick blade of World's End {drain, Str+2}
rCold   . . .      Faith    .   S - +1 buckler
rNeg    . . .      Spirit   .   M - +6 acid dragon scales
rPois   +          Reflect  .   (helmet restricted)
rElec   .          Harm     .   e - +2 cloak {Stlth+}
rCorr   +          Rampage  .   (gloves unavailable)
Will    ++...                   (boots unavailable) Stlth ****++++++
                                t - amulet of magic regeneration
HPRegen 0.24/turn               v - ring of poison resistance
MPRegen 0.64/turn               q - ring of the Tortoise {AC+8}

@: wreathed by umbra, very quick
A: very small, no large weapons, unfitting armour, see invisible, speed 3
a: Renounce Religion, Shadow Step, Shadow Form


You were on level 2 of the Snake Pit.
You worshipped Dithmenos.
Dithmenos was exalted by your worship.
You visited 6 branches of the dungeon, and saw 27 of its levels.
You also visited: Sewer and Ossuary.

You collected 2417 gold pieces.
You spent 1124 gold pieces at shops.

Inventory:

Hand Weapons
 p - a +1 rapier
 s - the +9 quick blade of World's End (weapon) {drain, Str+2}
   (You acquired it on level 5 of the Dungeon)

   A truly terrible weapon, it drains the life of any living foe it strikes.
   Str:       It affects your strength (+2).
Missiles
 h - 20 boomerangs
 B - 35 poisoned darts
Armour
 e - a +2 cloak of stealth (worn)
 M - +6 acid dragon scales (worn)
 S - a +1 buckler (worn)
 T - the +1 robe of the Undertaker {rPois rF++ rC+ Dex+3}
   (You found it on level 2 of the Lair of Beasts)

   Dex:       It affects your dexterity (+3).
   rF:        It greatly protects you from fire.
   rC:        It protects you from cold.
   rPois:     It protects you from poison.
Jewellery
 a - an amulet of the acrobat
 f - a ring of wizardry
 i - the ring "Puufavime" {rN+ SInv}
   (You took it off a deep elf pyromancer on level 12 of the Dungeon)

   [ring of see invisible]

   rN:        It protects you from negative energy.
   SInv:      It lets you see invisible.
 q - the ring of the Tortoise (right hand) {AC+8}
   (You found it on level 4 of the Dungeon)

   [ring of protection]

   AC:        It affects your AC (+8).
 t - an amulet of magic regeneration (around neck)
 v - a ring of poison resistance (left hand)
Wands
 x - a wand of flame (34)
 F - a wand of iceblast (26)
 L - a wand of polymorph (10)
 Y - a wand of digging (15)
 Z - a wand of charming (10)
Scrolls
 b - 2 scrolls of magic mapping
 d - 13 scrolls of teleportation
 j - a scroll of immolation
 l - 2 scrolls of holy word
 m - 2 scrolls of blinking
 o - a scroll of silence
 w - 2 scrolls of amnesia
 D - 8 scrolls of enchant weapon
 E - a scroll of brand weapon {unknown}
 P - 2 scrolls of summoning
 U - a scroll of fog
 W - a scroll of fear
 X - 3 scrolls of identify
Potions
 c - 4 potions of invisibility
 g - 7 potions of brilliance
 k - 5 potions of flight
 n - 4 potions of haste
 r - 4 potions of might
 u - 3 potions of heal wounds
 z - 5 potions of resistance
 A - a potion of magic
 C - 2 potions of cancellation
 G - 16 potions of curing
 H - 3 potions of mutation
 J - a potion of berserk rage
 K - 3 potions of lignification
 O - 5 potions of ambrosia
Miscellaneous
 y - a lightning rod (4/4)
 I - a phantom mirror
 Q - a phial of floods
 V - a phial of floods


   Skills:
 - Level 8.0 Fighting
 - Level 17.1 Short Blades
 - Level 5.0 Armour
 - Level 10.5 Dodging
 - Level 17.0 Stealth
 * Level 6.3 Shields
 - Level 13.4 Spellcasting
 - Level 16.1 Hexes
 - Level 9.0 Translocations
 - Level 3.3 Transmutations


You had 29 spell levels left.
You knew the following spells:

 Your Spells              Type           Power      Damage    Failure   Level
a - Ensorcelled Hibernat  Hex/Ice        100%       N/A       1%          2
b - Poisonous Vapours     Pois/Air       28%        N/A       22%         2
c - Iskenderun's Mystic   Conj/Tloc      34%        2d8       22%         4
d - Yara's Violent Unrav  Hex/Tmut       27%        3d12      8%          5

Your spell library contained the following spells:

 Spells                   Type           Power      Damage    Failure   Level
 Apportation              Tloc           100%       N/A       1%          1
 Confusing Touch          Hex            72%        N/A       1%          3
 Dazzling Flash           Conj/Hex       100%       N/A       1%          3
 Portal Projectile        Hex/Tloc       100%       N/A       1%          3
 Tukima's Dance           Hex            72%        N/A       1%          3
 Sting                    Tmut/Pois      88%        1d7       8%          1
 Passwall                 Tmut/Erth      18%        N/A       11%         2
 Animate Skeleton         Necr           28%        N/A       14%         1
 Freeze                   Ice            60%        1d8       14%         1
 Summon Small Mammal      Summ           56%        N/A       14%         1
 Summon Mana Viper        Hex/Summ       50%        N/A       14%         5
 Enfeeble                 Hex            36%        N/A       16%         7
 Sublimation of Blood     Necr           14%        N/A       22%         2
 Frozen Ramparts          Ice            30%        1d5       41%         3
 Stone Arrow              Conj/Erth      28%        3d8       41%         3
 Swiftness                Air            14%        N/A       41%         3
 Ice Form                 Ice/Tmut       22%        N/A       58%         4
 Petrify                  Tmut/Erth      22%        N/A       58%         4
 Blade Hands              Tmut           14%        N/A       71%         5
 Discord                  Hex            36%        N/A       77%         8
 Animate Armour           Summ/Erth      28%        N/A       82%         4
 Hailstorm                Conj/Ice       14%        3d5       82%         4
 Olgreb's Toxic Radiance  Pois           14%        N/A       82%         4
 Summon Ice Beast         Ice/Summ       14%        N/A       82%         4
 Summon Lightning Spire   Summ/Air       14%        N/A       82%         4
 Irradiate                Conj/Tmut      11%        3d17      90%         5
 Excruciating Wounds      Necr           7%         N/A       99%         5
 Conjure Ball Lightning   Conj/Air       7%         3x3d6     100%        6
 Starburst                Conj/Fire      7%         6d4       100%        6
 Monstrous Menagerie      Summ           7%         N/A       100%        7
 Storm Form               Tmut/Air       11%        N/A       100%        7
 Disjunction              Tloc           26%        N/A       100%        8
 Lehudib's Crystal Spear  Conj/Erth      7%         10d3      100%        8
 Maxwell's Capacitive Co  Air            7%         ∞         100%        8


Dungeon Overview and Level Annotations

Branches:
Dungeon (15/15)            Temple (1/1) D:4            Lair (6/6) D:11
  Swamp (0/4) Lair:3        Snake (2/4) Lair:3        Slime (0/5) Lair:6
    Orc (2/2) D:9             Elf (1/3) Orc:2        Vaults (0/5) D:14
 Depths (0/4) D:15          Sewer (visited)         Ossuary (visited)

Altars:
Ashenzari
Cheibriados
Dithmenos
Elyvilon
Fedhas
Gozag
Hepliaklqana
Kikubaaqudgha
Makhleb
Nemelex Xobeh
Okawaru
Qazlal
Ru
Sif Muna
Trog
Uskayaw
Vehumet
Wu Jian
Xom
Yredelemnul
Zin
The Shining One
Beogh
Jiyva

Shops:
D:3 (   D:6 :   D:8 =   D:10 !   D:13 *   Orc:1 =   Orc:2 (!=(   Snake:1 [*!

Portals:
Abyss: Orc:1

Annotations:
D:8 2 transporters, crimpus's ghost, novice GnHu
Orc:1 2 transporters, Jingleheimer's ghost, adept GrEE


Innate Abilities, Weirdness & Mutations

You are very small and have problems with some larger weapons.
You are too small for most types of armour.
You have supernaturally acute eyesight. (SInv)
You cover ground extremely quickly. (Speed+++)


Message History

The bolt of electricity hits you!! The bolt of electricity misses you.
The bolt of electricity hits the shock serpent.
The shock serpent completely resists.
The bolt of electricity misses the shock serpent.
You closely miss the shock serpent.
The shock serpent is moderately wounded.
You closely miss the shock serpent.
The shock serpent is moderately wounded.
The shock serpent completely misses you.
You completely miss the shock serpent.
The shock serpent is moderately wounded.
You block the shock serpent's attack.
You closely miss the shock serpent.
The shock serpent is moderately wounded.
Your shadow hits the shock serpent but does no damage.
You puncture the shock serpent!
The shock serpent is heavily wounded.
Your shadow closely misses the shock serpent.
The shock serpent's electric aura discharges, shocking you!
The shock serpent shoots out a bolt of lightning at you!
The bolt of electricity misses you. The bolt of electricity hits you!
* * * LOW HITPOINT WARNING * * *
The bolt of electricity hits the shock serpent.
The shock serpent completely resists.
The bolt of electricity hits the shock serpent.
The shock serpent completely resists.
Okay, then.
You miss the shock serpent.
The shock serpent is heavily wounded.
You barely miss the shock serpent.
The shock serpent is heavily wounded.
The shock serpent bites you.
* * * LOW HITPOINT WARNING * * *
The shock serpent shocks you!
* * * LOW HITPOINT WARNING * * *
You emit a cloud of dark smoke.
Okay, then.
The shock serpent shoots out a bolt of lightning at you!
The bolt of electricity hits you!!
You die...

. .N.###.....# ....
#..#####..# .
#...#..#####.## . ### #
#.......##).##
.##..##..
#.##..##..§N##
##......#. #..##.)SS##
##........#
##..#..##S###.........#
##..#.##§##§.........#
#.(.####@..§..†....#
##†....#§§§§.......#
#.#....§§...........
.#####..........###. ##
####.#.##### #..## ###
#..### # #.## ##....##
## ##.#####......#


You could see a shock serpent.

Vanquished Creatures
  An orc warlord (Orc:2)
  A dire elephant (Lair:6)
  A fire dragon (D:12)
  Josephine (Orc:1)
  Fannar (Lair:2)
  A rakshasa (D:10)
  5 boulder beetles
  11 hydras
  4 naga warriors
  Harold (Lair:2)
  8 anacondas
  A merfolk avatar (Lair:6)
  A death knight (D:12)
  2 dancing weapons (D:14)
  9 two-headed ogres
  A tengu warrior (D:12)
  5 centaur warriors
  4 death yaks (Lair:5)
  4 orc high priests (Orc:2)
  Urug (D:13)
  3 shock serpents (Snake:1)
  3 naga sharpshooters (Snake:1)
  2 skeletal warriors (D:12)
  A flayed ghost (D:12)
  3 sea snakes
  A naga ritualist (Snake:1)
  A wizard (D:12)
  4 orc knights
  A harpy (Lair:6)
  6 orc sorcerers
  5 deep elf pyromancers
  A necromancer (D:15)
  5 cyclopes
  8 ugly things
  7 mana vipers
  A salamander (Snake:1)
  3 manticores
  18 elephants
  15 black mambas
  4 centaur zombies
  4 gargoyles
  3 guardian serpents (Snake:1)
  A torpor snail (Lair:4)
  A cane toad (shapeshifter) (D:15)
  An unseen horror (D:10)
  10 rime drakes
  17 cane toads
  A kobold demonologist (D:12)
  12 komodo dragons
  Psyche (D:11)
  A freezing wraith (D:14)
  A queen bee (D:9)
  13 trolls
  2 wind drakes (Lair:6)
  A polar bear (Lair:3)
  A spriggan zombie (D:15)
  3 hornets
  A troll (shapeshifter) (D:14)
  2 snapping turtles (Lair:6)
  20 blink frogs
  13 slime creatures
  6 dream sheep (Lair:6)
  An air elemental (Elf:1)
  48 yaks
  A shadow (D:12)
  8 wraiths
  6 wyverns
  4 basilisks
  A steam dragon (Lair:5)
  5 wargs (Orc:2)
  22 vampire mosquitoes
  14 nagas
  4 acid dragons
  16 water moccasins
  47 orc warriors
  3 sky beasts
  An ice beast (D:7)
  A black bear (D:7)
  11 centaurs
  2 necrophages
  14 ogres
  15 wolves
  2 kobold brigands
  15 bullfrogs
  2 gnoll sergeants
  2 scorpions
  23 killer bees
  4 wights
  7 howler monkeys
  2 bullfrog zombies
  28 orc priests
  2 jellies
  2 centaur skeletons
  2 gnoll shamans
  5 hounds
  6 iguanas
  A bullfrog skeleton (D:5)
  20 orc wizards
  A hound zombie (D:5)
  Robin (D:3)
  A hound skeleton (D:6)
  16 gnolls
  3 howler monkey zombies
  A howler monkey skeleton (D:5)
  5 adders
  A river rat (D:6)
  2 white imps
  An ufetubus (D:5)
  7 worms
  3 dart slugs (D:3)
  96 orcs
  4 endoplasms
  3 giant cockroaches
  17 goblins
  8 hobgoblins
  6 jackals
  29 kobolds
  8 quokkas
  10 ball pythons
  5 bats
  4 frilled lizards
  2 gnoll skeletons (Ossuary)
  3 orc skeletons (Ossuary)
  7 rats
861 creatures vanquished.

Vanquished Creatures (others)
  30 fungi
  55 plants
  A withered plant (D:15)
86 creatures vanquished.

Grand Total: 947 creatures vanquished

Notes
Turn   | Place    | Note
-------+----------+-------------------------------------------
     0 | D:1      | nickcage the Spriggan Enchanter began the quest for the
                  | Orb.
     0 | D:1      | Reached XP level 1. HP: 9/9 MP: 5/5
   375 | D:1      | Reached XP level 2. HP: 13/13 MP: 6/6
   379 | D:1      | Learned a level 2 spell: Ensorcelled Hibernation
  1351 | D:2      | Reached skill level 5 in Hexes
  1385 | D:2      | Reached XP level 3. HP: 16/16 MP: 5/8
  2106 | D:2      | Found a faded altar of an unknown god.
  2316 | D:3      | Found an ancient bone altar of Kikubaaqudgha.
  2467 | D:3      | Reached XP level 4. HP: 19/21 MP: 2/9
  2881 | D:3      | Found Ucwiqon's Weapon Emporium.
  3477 | D:3      | Noticed Robin
  3578 | D:3      | Killed Robin
  3579 | D:3      | Reached XP level 5. HP: 24/24 MP: 7/10
  3767 | D:4      | Found a staircase to the Ecumenical Temple.
  3830 | Temple   | Entered the Ecumenical Temple
  4076 | Temple   | Became a worshipper of Dithmenos the Shadowed
  4184 | D:4      | Found the ring of the Tortoise {AC+8}
  4533 | D:4      | Reached skill level 5 in Short Blades
  4780 | D:4      | Reached XP level 6. HP: 28/28 MP: 6/11
  5048 | D:5      | Entered Level 5 of the Dungeon
  5089 | D:5      | Found a sand-covered staircase.
  5116 | Ossuary  | Entered an ossuary
  5116 | Ossuary  | Noticed a wraith
  5116 | Ossuary  | Noticed a wraith
  5116 | Ossuary  | Noticed a wraith
  5569 | D:5      | Identified a scroll of acquirement
  5569 | D:5      | Acquired the +9 quick blade of World's End {drain, Str+2}
  5709 | D:5      | Reached XP level 7. HP: 32/32 MP: 12/12
  5713 | D:5      | Found a blossoming altar of Fedhas.
  5765 | D:5      | Reached * piety under Dithmenos
  5846 | D:5      | Found a stormy altar of Qazlal.
  6120 | D:5      | Reached XP level 8. HP: 33/36 MP: 13/13
  6175 | D:5      | Reached skill level 10 in Short Blades
  6535 | D:5      | Found a hide-covered altar of Uskayaw.
  6650 | D:6      | Found Puuvvoakli's Book Boutique.
  7009 | D:6      | Reached ** piety under Dithmenos
  7017 | D:6      | Noticed a manticore
  7268 | D:6      | Reached XP level 9. HP: 39/39 MP: 14/14
  7336 | D:6      | Found a glowing drain.
  7349 | Sewer    | Entered a sewer
  7877 | D:6      | Found a hazy altar of Hepliaklqana.
  8115 | D:6      | Found a burning altar of Makhleb.
  8250 | D:7      | Reached *** piety under Dithmenos
  8934 | D:8      | Found a radiant altar of Vehumet.
  8937 | D:8      | Reached skill level 5 in Stealth
  9021 | D:8      | Reached **** piety under Dithmenos
  9128 | D:8      | Found a transporter.
  9130 | D:8      | Noticed crimpus's ghost (novice GnHu)
  9131 | D:8      | Found a transporter.
  9137 | D:8      | Identified the +6 giant club of Infinite Pain {flame,
                  | *Noise rPois Str+4 Stlth+}
  9356 | D:8      | Found Naghiek's Jewellery Emporium.
  9447 | D:8      | Reached XP level 10. HP: 44/44 MP: 15/15
  9449 | D:8      | Found a glowing golden altar of the Shining One.
 10141 | D:9      | Reached skill level 10 in Stealth
 10766 | D:9      | Found a staircase to the Orcish Mines.
 11609 | D:9      | Found a shimmering blue altar of Sif Muna.
 11616 | D:9      | Found a broken altar of Ashenzari.
 11727 | D:10     | Entered Level 10 of the Dungeon
 11761 | D:10     | Found Iteh's Distillery.
 11770 | D:10     | Bought a potion of curing for 39 gold pieces
 11815 | D:10     | Reached skill level 1 in Fighting
 11911 | D:10     | Found a snail-covered altar of Cheibriados.
 11952 | D:10     | Reached skill level 1 in Armour
 12093 | D:10     | Noticed a rakshasa
 12102 | D:10     | Killed a rakshasa
 12106 | D:10     | Reached XP level 11. HP: 51/51 MP: 16/16
 12163 | D:10     | Found a basalt altar of Yredelemnul.
 12594 | D:11     | Found a staircase to the Lair.
 12622 | D:11     | Reached ***** piety under Dithmenos
 12685 | D:11     | Noticed Psyche
 12691 | D:11     | Killed Psyche
 12858 | D:11     | Noticed a six-headed hydra
 12864 | D:11     | Killed a six-headed hydra
 12865 | D:11     | Reached skill level 5 in Dodging
 13102 | D:11     | Found a bloodstained altar of Trog.
 13463 | D:11     | Upgraded the game from 0.28.0-45-g0d030f2227 to
                  | 0.28.0-47-ge53b351184
 13482 | D:12     | Noticed a green ugly thing
 13538 | Lair:1   | Entered Level 1 of the Lair of Beasts
 13590 | Lair:1   | Reached skill level 5 in Fighting
 15223 | Lair:2   | Noticed Fannar
 15250 | Lair:2   | Killed Fannar
 15251 | Lair:2   | Reached XP level 12. HP: 51/61 MP: 11/17
 15329 | Lair:2   | Reached skill level 5 in Armour
 15571 | Lair:2   | Identified the +1 robe of the Undertaker {rPois rF++ rC+
                  | Dex+3}
 15617 | Lair:2   | Noticed Harold
 16006 | Lair:2   | Killed Harold
 16134 | Lair:2   | Reached skill level 10 in Dodging
 17234 | Lair:3   | Found a staircase to the Swamp.
 17239 | Lair:3   | Noticed a six-headed hydra
 17243 | Lair:3   | Killed a six-headed hydra
 17244 | Lair:3   | Reached skill level 15 in Stealth
 17476 | Lair:3   | Found a staircase to the Snake Pit.
 17911 | Lair:4   | Learned a level 2 spell: Poisonous Vapours
 17916 | Lair:4   | Learned a level 4 spell: Iskenderun's Mystic Blast
 17927 | Lair:4   | Reached XP level 13. HP: 63/68 MP: 16/21
 17991 | Lair:4   | Reached skill level 1 in Translocations
 17993 | Lair:4   | Reached skill level 5 in Spellcasting
 19703 | Lair:6   | Entered Level 6 of the Lair of Beasts
 19715 | Lair:5   | Reached skill level 5 in Translocations
 20822 | Lair:6   | Reached skill level 10 in Hexes
 21317 | Lair:6   | Reached ****** piety under Dithmenos
 21327 | Lair:6   | Reached XP level 14. HP: 73/73 MP: 21/25
 23167 | Lair:6   | Found a viscous altar of Jiyva.
 23167 | Lair:6   | Found a staircase to the Slime Pits.
 25170 | D:12     | Identified the ring "Puufavime" {rN+ SInv}
 25919 | D:12     | Learned a level 5 spell: Yara's Violent Unravelling
 26302 | Orc:1    | Entered Level 1 of the Orcish Mines
 26314 | Orc:1    | Found Usheifot's Jewellery Emporium.
 26480 | Orc:1    | Found a one-way gate to the infinite horrors of the Abyss.
 26480 | Orc:1    | Noticed Jingleheimer's ghost (adept GrEE)
 26487 | Orc:1    | Found a transporter.
 26491 | Orc:1    | Noticed an orc warlord
 26507 | Orc:1    | Noticed Josephine
 26631 | Orc:1    | Killed Josephine
 26783 | Orc:1    | You fall into a shaft and drop 1 floor!
 26783 | Orc:2    | Entered Level 2 of the Orcish Mines
 26838 | Orc:1    | Found a transporter.
 27404 | Orc:2    | Reached skill level 15 in Short Blades
 27474 | Orc:2    | Found Onkil's Jewellery Boutique.
 27482 | Orc:2    | Bought an amulet of magic regeneration for 330 gold pieces
 27497 | Orc:2    | Found Buetz's Weapon Shop.
 27519 | Orc:2    | Reached skill level 10 in Spellcasting
 27735 | Orc:2    | Reached XP level 15. HP: 77/77 MP: 25/30
 27962 | Orc:2    | Noticed an orc warlord
 28228 | Orc:2    | Killed an orc warlord
 28401 | Orc:2    | Found a staircase to the Elven Halls.
 28733 | Orc:2    | Found Emafu's Antique Weapon Shoppe.
 29595 | Orc:2    | Found Kuarhut's Distillery.
 29859 | Elf:1    | Entered Level 1 of the Elven Halls
 30520 | D:12     | Reached skill level 15 in Hexes
 31337 | D:12     | Identified the +8 broad axe "Jellybane" {pain, MP+9}
 31478 | D:12     | Reached skill level 1 in Shields
 31478 | D:12     | Reached XP level 16. HP: 81/81 MP: 33/33
 31786 | D:13     | Noticed Urug
 31794 | D:13     | Killed Urug
 31941 | D:13     | Found Wifas's Changing Room.
 32233 | D:13     | Found a broken altar of Ashenzari.
 32546 | D:14     | Found a gate to the Vaults.
 33326 | D:15     | Entered Level 15 of the Dungeon
 33686 | D:15     | Found a staircase to the Depths.
 33906 | Snake:1  | Entered Level 1 of the Snake Pit
 33906 | Snake:1  | Found Obigiupp's Armour Emporium.
 33908 | Snake:1  | Found Utye's Assorted Antiques.
 33924 | Snake:1  | Bought a scroll of enchant armour for 255 gold pieces
 33950 | Snake:1  | Found Ecla's Distillery.
 33958 | Snake:1  | Bought 2 potions of curing for 84 gold pieces
 33958 | Snake:1  | Bought a potion of curing for 42 gold pieces
 33958 | Snake:1  | Bought a potion of curing for 42 gold pieces
 34238 | Orc:2    | Bought a ring of poison resistance for 220 gold pieces
 34449 | Snake:1  | Reached XP level 17. HP: 85/85 MP: 35/35
 34465 | Snake:1  | Identified the +10 war axe "Dukun" {vorpal, rCorr}
 35028 | Snake:1  | Bought a potion of mutation for 112 gold pieces
 35706 | Snake:1  | Reached skill level 5 in Shields
 35915 | Snake:1  | Identified the +3 leather armour of Sunlight {rF+ Int+9
                  | SInv Stlth-}
 36319 | Snake:2  | Killed from afar by a shock serpent

Illustrated notes

Levels and vault maps discovered:
D:1:      dpeg_arrival_ternary, layout_basic, kennysheep_crisscross
D:2:      layout_basic, hellmonk_ecumenical_altar_leap_of_faith,
          eino_tiny_chamber, kennysheep_generic_room_9
D:3:      kennysheep_goblin_castle, layout_basic, kiku_gazebo_garden_becter,
          serial_shops, nicolae_shop_window_shopping
D:4:      layout_loops_ring, minmay_temple_entry_statues
D:5:      minmay_octagon_keep, layout_loops_cross, marbit_many_paths,
          nicolae_uskayaw_suspiria, nicolae_qazlal_scattered_showers,
          enter_ossuary_2
D:6:      layout_loops_cross, kennysheep_mini, makhleb_blood_cavern_becter,
          gup_sewer_entry_bubbles, nicolae_stop_n_shop_1, serial_bayou_pond_a
D:7:      layout_cave_pools
D:8:      layout_rooms, vehumet_crystals, tso_altar, gammafunk_ghost_smash,
          serial_shops, shop
D:9:      layout_roguey, mainiacjoe_overflow_big_doors, david_orc_5,
          special_room [special_room_bee]
D:10:     layout_roguey, mainiacjoe_overflow_tiny_flanked,
          mainiacjoe_overflow_small_starburst, serial_shops,
          nicolae_shop_advertising_works [nicolae_subvault_shop_adworks]
D:11:     layout_gridville, dpeg_oklobed_lair, bloody_trog, uniq_psyche
D:12:     minmay_the_grid_square_5x5_5x5_mashed [minmay_the_grid_square_5x5_meh,
          minmay_the_grid_square_5x5_seven,
          minmay_the_grid_square_5x5_bracketed,
          minmay_the_grid_square_5x5_pentomino_r,
          minmay_the_grid_square_5x5_minimal,
          minmay_the_grid_square_5x5_fancy_junction,
          minmay_the_grid_square_5x5_prize_pseudospiral,
          minmay_the_grid_square_5x5_one_wall,
          minmay_the_grid_square_5x5_prize_open, minmay_the_grid_square_5x5_tie,
          minmay_the_grid_square_5x5_almost_minimal,
          minmay_the_grid_square_5x5_z,
          minmay_the_grid_square_5x5_prize_monsterx,
          minmay_the_grid_square_5x5_mess, minmay_the_grid_square_5x5_bridge,
          minmay_the_grid_square_5x5_shuriken,
          minmay_the_grid_square_5x5_prize_open,
          minmay_the_grid_square_5x5_two_small,
          minmay_the_grid_square_5x5_prize_waves,
          minmay_the_grid_square_5x5_hollow_slash,
          minmay_the_grid_square_5x5_spiral_small,
          minmay_the_grid_square_5x5_moneybag,
          minmay_the_grid_square_5x5_half_checkered,
          minmay_the_grid_square_5x5_hourglass,
          minmay_the_grid_square_5x5_eight_small], layout_long_grid,
          chequers_garden
D:13:     layout_rooms, nicolae_transmutations_shop, minmay_misc_feat_tiny,
          ashenzari_conservatory_becter, uniq_urug
D:14:     layout_long_grid, erik_vaults_1, minmay_misc_feat_cross
D:15:     gammafunk_depths_entry_grave, layout_rooms
Temple:   zaba_magenta_temple
Lair:1:   layout_layer_cave, guppyfry_lair_drakes
Lair:2:   layout_cave_pods, uniq_harold, uniq_fannar
Lair:3:   layout_chaotic_city, swamp_mist, minmay_snake_entry_guardpost_small,
          beast_lair_carwin_6, grunt_megastairs_4
Lair:4:   layout_cave_pods
Lair:5:   layout_misc_corridors, infiniplex_staircase_pool_2
Lair:6:   gammafunk_lair_ancient_temple, layout_hall_layers,
          dpeg_slime_entry_enclosed_altar
Snake:1:  nicolae_snake_unarmed_stairs_patrol, layout_onion, serial_shops,
          nicolae_square_shop, shop_statue, nicolae_diamond_shop
Snake:2:  layout_chambers, grunt_ministairs_8, uniq_nikola
Orc:1:    layout_diamond_mine, gammafunk_ghost_abyssal_escape, serial_shops,
          nicolae_shop_trees, nicolae_orc_damp_corner, uniq_josephine
Orc:2:    pubby_orc_utopia
Elf:1:    kennysheep_blocky_room, layout_rooms, minmay_elf_sorcery

Skill      XL: |  1  2  3  4  5  6  7  8  9 10 11 12 13 14 15 16 17 |
---------------+----------------------------------------------------+-----
Hexes          | 4 5 6 10 14 15 16 | 16.1
Short Blades   | 3 4 5 7 9 12 14 15 16 17 | 17.1
Stealth        | 8 14 15 17 | 17.0
Dodging        | 4 8 10 | 10.5
Fighting       | 2 6 7 8 |  8.0
Armour         | 2 4 5 |  5.0
Spellcasting   | 4 7 10 12 13 | 13.4
Translocations | 7 9 |  9.0
Shields        | 1 3 6 |  6.3
Transmutations | 3 |  3.3

Action                   |  1- 3 |  4- 6 |  7- 9 | 10-12 | 13-15 | 16-18 || total
-------------------------+-------+-------+-------+-------+-------+-------++-------
Melee: Dagger            |    75 |   160 |       |       |       |       ||   235
       Punch             |       |     2 |     2 |     4 |     6 |       ||    14
       Quick blade       |       |     5 |   248 |   437 |  1032 |   362 ||  2084
Throw: Boomerang         |       |       |       |     7 |    45 |     4 ||    56
 Cast: Ensorcelled Hiber |    34 |    56 |    67 |   159 |   408 |   108 ||   832
       Iskenderun's Myst |       |       |       |       |     1 |     1 ||     2
Invok: Shadow Step       |       |       |       |     5 |     1 |     2 ||     8
  Use: Scroll            |       |    12 |     1 |    18 |     2 |     5 ||    38
       Potion            |       |       |       |       |     1 |       ||     1
 Stab: Sleeping          |    32 |    37 |    59 |   103 |   239 |    88 ||   558
       Distracted        |       |       |       |     1 |     4 |       ||     5
Armor: Robe              |     5 |    38 |    23 |    25 |     8 |       ||    99
       Acid dragon scale |       |       |       |    47 |   143 |    76 ||   266
Dodge: Dodged            |    46 |   128 |   139 |   312 |   586 |   201 ||  1412
       Repelled          |       |     1 |     2 |       |       |       ||     3
Block: Buckler           |       |       |       |       |       |    85 ||    85
